 Dungeon Crawl Stone Soup version 0.28-a0-821-g923ab73998 (webtiles) character file.

Game seed: 17082699634050210746

11454 Ijustatesigmund the Fighter (level 11, -2/73 HPs)
             Began as a Gargoyle Fighter on Nov 9, 2021.
             Was a High Priest of Cheibriados.
             Slain by Frances (23 damage)
             ... on level 13 of the Dungeon.
             The game lasted 00:22:58 (14146 turns).

Ijustatesigmund the Fighter (Gargoyle Fighter)     Turns: 14146, Time: 00:22:59

Health: -2/73      AC: 21    Str: 34    XL:     11   Next: 78%
Magic:  14/14      EV: 17    Int: 24    God:    Cheibriados [*****.]
Gold:   466        SH:  8    Dex: 22    Spells: 10/10 levels left

rFire   + . .      SeeInvis .   a - +6 morningstar (holy)
rCold   . . .      Faith    .   c - +2 buckler
rNeg    + . .      Spirit   .   b - +2 ring mail {Will+}
rPois   ∞          Reflect  .   s - +0 helmet
rElec   +          Harm     .   d - +1 cloak
rCorr   .          Rampage  .   (no gloves)
Will    +....                   r - +0 pair of boots
Stlth   +.........              (no amulet)
HPRegen 0.22/turn               i - +4 ring of evasion
MPRegen 0.14/turn               k - ring of protection from fire

@: very slow
A: sickness immunity, AC +8, negative energy resistance 1, electricity
resistance, torment resistance 1, petrification resistance
a: Renounce Religion, Bend Time, Temporal Distortion, Slouch, Step From Time


You were on level 13 of the Dungeon.
You worshipped Cheibriados.
Cheibriados was extremely pleased with you.
You visited 2 branches of the dungeon, and saw 14 of its levels.

You collected 820 gold pieces.
You spent 354 gold pieces at shops.

Inventory:

Hand Weapons
 a - a +6 morningstar of holy wrath (weapon)
 j - the +11 hunting sling of Nice Eternal Vigilance {freeze, +Blink Dex+4}
   (You acquired it on level 6 of the Dungeon)

   Any ammunition fired from it freezes those it strikes, dealing additional
   cold damage.
   It can also slow down cold-blooded creatures.
   Dex:       It affects your dexterity (+4).
   +Blink:    It lets you blink.
 x - a +2 flail of protection
Missiles
 m - 40 sling bullets
 u - a throwing net
 A - 34 poisoned darts (quivered)
Armour
 b - a +2 ring mail of willpower (worn)
 c - a +2 buckler (worn)
 d - a +1 cloak (worn)
 r - a +0 pair of boots (worn)
 s - a +0 helmet (worn)
Jewellery
 e - a ring of ice
 i - a +4 ring of evasion (left hand)
 k - a ring of protection from fire (right hand)
 y - a ring of see invisible
 E - a +6 ring of strength
Wands
 q - a wand of iceblast (12)
 F - a wand of digging (5)
Scrolls
 h - a scroll of amnesia
 l - 2 scrolls of magic mapping
 o - 2 scrolls of teleportation
 v - 2 scrolls of blinking
 z - 4 scrolls of fear
 C - 4 scrolls of identify
Potions
 f - 5 potions of curing
 g - 3 potions of heal wounds
 n - a potion of cancellation
 p - a potion of flight
 t - a potion of lignification
 D - a potion of mutation {unknown}


   Skills:
 + Level 10.7 Fighting
 + Level 9.6 Maces & Flails
 - Level 9.7 Slings
 - Level 6.0 Armour
 - Level 3.2 Dodging
 - Level 3.2 Shields
 + Level 4.2 Invocations


You had 10 spell levels left.
You didn't know any spells.
Your spell library contained the following spells:

 Spells                   Type           Power      Damage    Failure   Level
 Slow                     Hex            0%         N/A       22%         1
 Static Discharge         Conj/Air       0%         N/A       32%         2
 Confusing Touch          Hex            0%         N/A       54%         3
 Ignite Poison            Fire/Tmut/Pois 0%         N/A       54%         3
 Mephitic Cloud           Conj/Pois/Air  0%         N/A       54%         3
 Ozocubu's Armour         Ice            0%         N/A       54%         3
 Dispel Undead            Necr           0%         3d6       91%         4
 Sticky Flame             Conj/Fire      0%         2d3       91%         4
 Freezing Cloud           Conj/Ice/Air   0%         6-21      99%         5
 Summon Forest            Summ/Tloc      0%         N/A       99%         5
 Yara's Violent Unravell  Hex/Tmut       0%         3d3       99%         5
 Eringya's Noxious Bog    Tmut/Pois      0%         N/A       100%        6
 Ozocubu's Refrigeration  Ice            0%         4d5       100%        7
 Summon Hydra             Summ           0%         N/A       100%        7


Dungeon Overview and Level Annotations

Branches:
Dungeon (13/15)            Temple (1/1) D:4            Lair (0/6) D:11
    Orc (0/2) D:9
 Vaults: D:13-14

Altars:
Ashenzari
Cheibriados
Dithmenos
Elyvilon
Fedhas
Gozag
Hepliaklqana
Kikubaaqudgha
Makhleb
Nemelex Xobeh
Okawaru
Qazlal
Ru
Sif Muna
Trog
Uskayaw
Vehumet
Wu Jian
Xom
Yredelemnul
Zin
The Shining One

Shops:
D:4 *   D:6 *

Annotations:
D:12 3 runed translucent doors, Pomae's ghost, journeyman DEEE
D:13 Frances


Innate Abilities, Weirdness & Mutations

You are immune to sickness and miasma.
Your stone body is resilient. (AC +8)
You are immune to poison.
You resist negative energy. (rN+)
You are resistant to electric shocks. (rElec)
You are resistant to unholy torment.
You are immune to petrification.


Message History

Aiming: Iceblast
Press: ? - help, Shift-Dir - straight line, f/p - Frances
Aim: Frances, wielding a +1 battleaxe of electrocution and wearing a +0 ring mail (moderately wounded)
The mass of ice explodes!
The iceblast engulfs Frances!
Frances is moderately wounded.
Fire: 42 sling bullets
Press: ? - help, Q - select action, (/) - cycle Shift-Dir - straight line, f/p - Frances
Aim: Frances, wielding a +1 battleaxe of electrocution and wearing a +0 ring mail (moderately wounded, 80% to hit)
You shoot a sling bullet. The sling bullet hits Frances!!
The sling bullet freezes Frances!
Frances is heavily wounded.
Fire: 41 sling bullets
Press: ? - help, Q - select action, (/) - cycle Shift-Dir - straight line, f/p - Frances
Aim: Frances, wielding a +1 battleaxe of electrocution and wearing a +0 ring mail (heavily wounded, 80% to hit)
You shoot a sling bullet. The sling bullet hits Frances!!
The sling bullet freezes Frances!
Frances is severely wounded.
Frances whispers indecipherable words.
Aiming: Iceblast
Press: ? - help, Shift-Dir - straight line, p - Frances The mass of ice explodes!
The iceblast engulfs the sun demon.
The sun demon is frozen!
The sun demon is lightly wounded.
The iceblast engulfs Frances!
Frances is almost dead.
The +11 hunting sling of Nice Eternal Vigilance {freeze, +Blink Dex+4} stops glowing.
Your +6 morningstar of holy wrath softly glows with a divine radiance!
a - a +6 morningstar of holy wrath (weapon)
You barely miss Frances.
Frances is almost dead.
Frances drinks a potion.
Frances is healed!
You completely miss Frances.
Frances is severely wounded.
Frances hits you with a +1 battleaxe of electrocution!
* * * LOW HITPOINT WARNING * * *
The sun demon completely misses you.
You hit Frances.
Frances is severely wounded.
Frances hits you with a +1 battleaxe of electrocution!!
You die...

#...###...## ....
#........# ##.....(
#........# ##......#
#..##....####....... ##
##....##......(##
.##...........(..#
..................##
#...........##@3....###
###.........##@........
##(...=...###..#####
#.##....#..##..# #..
###.....##..# ..
##.......## #........#
#...#..##..#
...###......# ##..
#........


You could see Frances and a sun demon (summoned).

Vanquished Creatures
  Fannar (D:12)
  A boulder beetle (D:11)
  2 two-headed ogres
  Nergalle (D:11)
  An ugly thing (D:12)
  A deep elf pyromancer (D:12)
  An elephant (D:10)
  2 kobold demonologists
  A komodo dragon (D:11)
  2 trolls (D:9)
  A shadow (D:10)
  4 wraiths
  3 wyverns
  3 basilisks
  A steam dragon (D:8)
  2 water moccasins
  4 orc warriors
  A hornet zombie (D:6)
  2 sky beasts
  2 black bears
  An ice beast (D:5)
  A necrophage (D:6)
  6 centaurs
  A phantom (D:5)
  An ogre (D:7)
  Blork the orc (D:6)
  5 kobold brigands
  3 bullfrogs
  2 gnoll sergeants
  4 scorpions
  6 killer bees
  4 howler monkeys
  A centaur zombie (D:8)
  2 jellies
  A bullfrog skeleton (D:6)
  2 hounds
  8 orc priests
  Jessica (D:2)
  11 orc wizards
  Natasha (D:2)
  3 iguanas
  3 hound skeletons
  A howler monkey skeleton (D:7)
  16 gnolls
  3 adders
  2 white imps (D:7)
  An adder zombie (D:5)
  5 worms
  5 dart slugs
  34 orcs
  4 bats
  7 endoplasms
  2 giant cockroaches
  3 goblins
  5 hobgoblins
  12 jackals
  36 kobolds
  A quokka (D:1)
  4 ball pythons
  2 frilled lizards
  9 rats
  A spectral goblin (D:1)
257 creatures vanquished.

Vanquished Creatures (others)
  A fungus (D:11)
  5 toadstools (D:12)
6 creatures vanquished.

Grand Total: 263 creatures vanquished

Notes
Turn   | Place    | Note
-------+----------+-------------------------------------------
     0 | D:1      | Ijustatesigmund the Gargoyle Fighter began the quest for
                  | the Orb.
     0 | D:1      | Reached XP level 1. HP: 14/14 MP: 1/1
   146 | D:1      | Reached XP level 2. HP: 17/19 MP: 2/2
   464 | D:1      | Found a faded altar of an unknown god.
   700 | D:1      | Reached XP level 3. HP: 24/24 MP: 3/3
   732 | D:1      | Reached skill level 4 in Fighting
  1119 | D:2      | Noticed Jessica
  1121 | D:2      | Killed Jessica
  1165 | D:2      | Reached XP level 4. HP: 27/30 MP: 4/4
  1894 | D:2      | Noticed Natasha
  1903 | D:2      | Killed Natasha
  2566 | D:3      | Reached XP level 5. HP: 28/34 MP: 5/5
  2704 | D:3      | Reached skill level 5 in Fighting
  3313 | D:4      | Found Inek's Assorted Antiques.
  3371 | D:4      | Found an opulent altar of Gozag.
  3577 | D:4      | Reached XP level 6. HP: 34/40 MP: 6/6
  4070 | D:4      | Reached skill level 6 in Fighting
  4070 | D:4      | Reached skill level 5 in Maces & Flails
  4431 | D:4      | Found an ancient bone altar of Kikubaaqudgha.
  4539 | D:4      | Found a staircase to the Ecumenical Temple.
  4550 | Temple   | Entered the Ecumenical Temple
  4753 | Temple   | Became a worshipper of Cheibriados the Contemplative
  4909 | D:5      | Entered Level 5 of the Dungeon
  4942 | D:5      | Reached XP level 7. HP: 44/47 MP: 7/7
  5251 | D:5      | Reached skill level 7 in Fighting
  5499 | D:5      | Identified the +1 whip "Odeunoer" {drain, rElec}
  5532 | D:5      | Reached XP level 8. HP: 41/53 MP: 8/8
  6082 | D:6      | Reached * piety under Cheibriados
  6157 | D:6      | Identified a scroll of acquirement
  6157 | D:6      | Acquired the +11 hunting sling of Nice Eternal Vigilance
                  | {freeze, +Blink Dex+4}
  6441 | D:6      | Reached skill level 8 in Fighting
  6547 | D:6      | Found a stormy altar of Qazlal.
  6650 | D:6      | Noticed Blork the orc
  6655 | D:6      | Killed Blork the orc
  6716 | D:6      | Reached skill level 5 in Armour
  6741 | D:6      | Found Revovoe's Assorted Antiques.
  6750 | D:6      | Bought a scroll labelled OBLA ITEHAZOYFF for 26 gold pieces
  6750 | D:6      | Bought a scroll labelled TEIXIL UTRU for 26 gold pieces
  6750 | D:6      | Bought a scroll labelled LOLUMI POJEMP for 26 gold pieces
  6878 | D:6      | Found a basalt altar of Yredelemnul.
  7115 | D:6      | Reached XP level 9. HP: 60/60 MP: 9/9
  7347 | D:7      | Reached ** piety under Cheibriados
  7442 | D:7      | Reached skill level 9 in Fighting
  7667 | D:7      | Found a broken altar of Ashenzari.
  7833 | D:7      | Found a bloodstained altar of Trog.
  7835 | D:7      | Found an ornate altar of the Wu Jian Council.
  8131 | D:7      | Found a sparkling altar of Nemelex Xobeh.
  8211 | D:8      | Reached skill level 1 in Invocations
  8261 | D:8      | Reached skill level 1 in Dodging
  8514 | D:8      | Reached *** piety under Cheibriados
  8752 | D:4      | Bought a runed flail for 156 gold pieces
  8752 | D:4      | Bought a bone ring for 120 gold pieces
  9776 | D:9      | Reached **** piety under Cheibriados
  9788 | D:9      | Reached XP level 10. HP: 23/68 MP: 12/12
 10201 | D:9      | Reached skill level 10 in Fighting
 10636 | D:9      | Found a staircase to the Orcish Mines.
 11121 | D:10     | Entered Level 10 of the Dungeon
 11481 | D:10     | Reached ***** piety under Cheibriados
 11584 | D:10     | Reached skill level 1 in Slings
 11682 | D:10     | Noticed a kobold demonologist
 11686 | D:10     | Noticed a sixfirhy
 11700 | D:10     | Noticed a sixfirhy
 11703 | D:10     | Killed a kobold demonologist
 11902 | D:10     | Found a radiant altar of Vehumet.
 12138 | D:11     | Found a staircase to the Lair.
 12138 | D:11     | Noticed an elephant
 12155 | D:10     | Killed an elephant
 12319 | D:11     | Noticed Nergalle
 12335 | D:11     | Killed Nergalle
 12336 | D:11     | Reached skill level 5 in Slings
 12336 | D:11     | Reached XP level 11. HP: 51/73 MP: 14/14
 12478 | D:11     | Noticed a two-headed ogre
 12482 | D:11     | Killed a two-headed ogre
 12589 | D:11     | Noticed a boulder beetle
 12602 | D:11     | Killed a boulder beetle
 12904 | D:11     | Found a blossoming altar of Fedhas.
 13199 | D:12     | Found a runed translucent gate.
 13199 | D:12     | Found a runed translucent gate.
 13201 | D:12     | Found a runed translucent gate.
 13263 | D:12     | Noticed a red ugly thing
 13278 | D:12     | Killed a red ugly thing
 13323 | D:12     | Noticed a two-headed ogre
 13388 | D:12     | Noticed a deep elf pyromancer
 13393 | D:12     | Killed a deep elf pyromancer
 13583 | D:12     | Killed a two-headed ogre
 13585 | D:12     | Noticed Fannar
 13608 | D:12     | Killed Fannar
 13878 | D:12     | Noticed Pomae's ghost (journeyman DEEE)
 14134 | D:13     | Noticed Frances
 14142 | D:13     | Noticed a sun demon
 14146 | D:13     | Slain by Frances

Illustrated notes

Levels and vault maps discovered:
D:1:      ncdulo_halloftheorcs, layout_loops_ring,
          dreamdust_ecumenical_altar_drowned_temple
D:2:      layout_loops_cross, hex_tiny, uniq_natasha, uniq_jessica
D:3:      layout_loops_cross, chequers_serial_rivers_large_a
D:4:      layout_basic, kennysheep_mini_moat, grunt_gozag_breadcrumbs,
          temple_hall, serial_shops, nicolae_square_shop
D:5:      layout_basic, serial_bayou_pond_e
D:6:      layout_gridville, lemuel_doored_altar,
          nicolae_qazlal_general_emergency, serial_shops,
          nicolae_lakefront_shop, hangedman_decor_peaks_small,
          uniq_blork_the_orc
D:7:      layout_gridville, nemelex_dance_club_becter,
          mainiacjoe_overflow_six_doors_small, nicolae_overflow_hidden_temple
D:8:      layout_loops_ring
D:9:      layout_basic, orc_0_dummy, grunt_ministairs_3, nicolae_lava_and_water,
          minmay_holes
D:10:     layout_gridville, vehumet_crystals
D:11:     wad_pebble_path, layout_long_grid, david_lair_generic,
          fedhas_altar_fruit_tree, uniq_nergalle
D:12:     layout_loops_cross, gammafunk_ghost_icy, drop_trap, st_stairs_13,
          minmay_gold_behind_fungi, uniq_fannar
D:13:     layout_layer_cave, hangedman_vaults_entry_quadrant_bands, uniq_frances
Temple:   nicolae_temple_figure_eight

Skill      XL: |  1  2  3  4  5  6  7  8  9 10 11 |
---------------+----------------------------------+-----
Fighting       | 4 5 6 7 8 9 10 | 10.7
Maces & Flails | 3 4 5 6 7 8 9 |  9.6
Armour         | 5 6 |  6.0
Invocations    | 3 4 |  4.2
Dodging        | 2 3 |  3.2
Slings         | 5 9 |  9.7
Shields        | |  3.2

Action                   |  1- 3 |  4- 6 |  7- 9 | 10-12 || total
-------------------------+-------+-------+-------+-------++-------
Melee: Flail             |   101 |   241 |   102 |       ||   444
       Morningstar       |       |       |   164 |   209 ||   373
 Fire: Hunting sling     |       |       |    47 |    72 ||   119
Throw: Dart              |       |     2 |       |     8 ||    10
 Abil: Evoke Blink       |       |       |       |     2 ||     2
Evoke: Wand              |       |       |       |     2 ||     2
  Use: Scroll            |     2 |     4 |    10 |    10 ||    26
       Potion            |       |     2 |     1 |     3 ||     6
 Stab: Invisible         |       |     2 |       |     3 ||     5
Armor: Plate armour      |    76 |   163 |    83 |       ||   322
       Ring mail         |       |       |    73 |    99 ||   172
Dodge: Dodged            |    33 |   121 |   209 |   229 ||   592
Block: Buckler           |    13 |    52 |   108 |    87 ||   260

Table legend: (Time is in decaauts)
 A = Elapsed time spent in this place.
 B = Non-inter-level travel time spent in this place.
 C = Inter-level travel time spent in this place.
 D = Time resting spent in this place.
 E = Time spent auto-exploring this place.
 F = Levels seen in this place.
 G = Mean time per level.
                   A        B        C        D        E       F      G
               +--------+--------+--------+--------+--------+-----+--------+
         Total |  17756 |  16592 |   1164 |   2862 |  11351 |  14 | 1268.3 |
       Dungeon |  17530 |  16388 |   1142 |   2862 |  11158 |  13 | 1348.5 |
        Temple |    226 |    204 |     22 |      0 |    193 |   1 |  226.0 |
               +--------+--------+--------+--------+--------+-----+--------+

Top non-repeatable levels by time:
     D:9: 2194 daAuts
     D:4: 1790 daAuts
    D:10: 1638 daAuts
     D:5: 1576 daAuts
     D:8: 1494 daAuts
    D:12: 1368 daAuts
    D:11: 1352 daAuts
     D:1: 1343 daAuts
     D:6: 1312 daAuts
     D:7: 1261 daAuts
     D:2: 1133 daAuts
     D:3: 856 daAuts
  Temple: 226 daAuts
    D:13: 207 daAuts
